AoeStats
← Aloy ZzZ

Arabia

505337195Analyzed
2v2 RM · 23d ago on Sep 8, 2026· 30m 0s· 4 players
Game mode
Random Map
Map size
Medium (4 player)
Population
200
Speed
Normal
Resources
Standard
Victory
Conquest
Starting age
Dark Age
Ending age
Imperial Age
RankedLock teamsTeams togetherTeam positionsShared explorationLock speedFull tech treeHidden civsTurbo modeCheats
Victory
Defeat
🇺🇸 Romans · United States
1041
+14
🇺🇸 Armenians · United States
1040
+14
🇨🇱 Mongols · Chile
1000
-42
🇨🇦 Slavs · Canada
998
-14
Aloy ZzZ
14:49 Feudal Age
15:43 Man-at-Arms
17:44 Horse Collar
19:09 Wheelbarrow
21:54 Double-Bit Axe
oTToi75
2:24 Loom
12:14 Feudal Age
12:46 Double-Bit Axe
13:23 Man-at-Arms
25:33 Castle Age
26:03 Horse Collar
26:58 Crossbowman
29:29 Wheelbarrow
nolesallday
9:36 Loom
11:22 Feudal Age
12:27 Man-at-Arms
13:46 Scale Mail Armor
13:58 Forging
15:06 Double-Bit Axe
18:35 Wheelbarrow
17:46 Town Watch
21:10 Castle Age
20:32 Horse Collar
21:23 Padded Archer Armor
21:57 Gold Mining
22:46 Long Swordsman
22:49 Pikeman
23:32 Squires
23:58 Chain Mail Armor
25:13 Iron Casting
26:10 Hand Cart
barfthom
6:38 Loom
9:17 Feudal Age
9:18 Man-at-Arms
10:09 Double-Bit Axe
10:27 Long Swordsman
11:26 Horse Collar
11:55 Town Watch
20:08 Wheelbarrow
20:48 Gold Mining
23:15 Castle Age
21:32 Scale Mail Armor
22:59 Forging
23:22 Two-Handed Swordsman
24:07 Squires
24:25 Chain Mail Armor
24:23 Bow Saw
24:15 Heavy Plow
24:29 Gambesons
24:31 Arson
27:42 Champion
Connection lost

Rejoining the realm…

Still unreachable

The connection could not be restored.

Session expired

The server has moved on; the page needs a fresh start.